 Dungeon Crawl Stone Soup version 0.28.0-43-g3370ac3207 (webtiles) character file.

Game seed: 7360723844534297240

7553 Kniotic the Martial Artist (level 10, -5/76 HPs)
             Began as a Demonspawn Monk on Mar 14, 2022.
             Killed from afar by a gargoyle (33 damage)
             ... with a stone arrow
             ... on level 9 of the Dungeon.
             The game lasted 00:31:06 (14917 turns).

Kniotic the Martial Artist (Demonspawn Monk)       Turns: 14917, Time: 00:31:06

Health: -5/76      AC:  7    Str: 19    XL:     10   Next: 96%
Magic:  20/20      EV: 37    Int: 11    God:
Gold:   360        SH:  0    Dex: 19    Spells: 19/22 levels left

rFire   . . .      SeeInvis .     - Unarmed
rCold   . . .      Faith    .   (no shield)
rNeg    + . .      Spirit   .   G - +0 troll leather armour
rPois   .          Reflect  .   f - +0 helmet
rElec   .          Harm     .   v - +0 cloak
rCorr   .          Rampage  .   (no gloves)
Will    .....                   u - +0 pair of boots
Stlth   ++........              o - amulet of the acrobat
HPRegen 1.02/turn               y - ring of positive energy
MPRegen 0.17/turn               b - +6 ring of strength

@: agile, acrobatic
A: repulsion field 1, powered by pain 2, demonic magic 2
a: no special abilities


You were on level 9 of the Dungeon.
You visited 2 branches of the dungeon, and saw 12 of its levels.
You also visited: Sewer.

You collected 420 gold pieces.
You spent 60 gold pieces at shops.

Inventory:

Hand Weapons
 w - the +4 dagger "Morg" {pain, Will+ Int+5}
   (You found it on level 5 of the Dungeon)

   In the hands of one skilled in necromantic magic, it inflicts extra damage on
   living creatures.
   Int:       It affects your intelligence (+5).
   Will:      It increases your willpower.
Armour
 f - a +0 helmet (worn)
 k - a +0 ring mail
 n - the +9 chain mail "Litege" {-Tele rF+++ Will+ Int+2}
   (You found it on level 3 of the Dungeon)

   Int:       It affects your intelligence (+2).
   rF:        It renders you almost immune to fire.
   -Tele:     It prevents most forms of teleportation.
   Will:      It increases your willpower.
 u - a +0 pair of boots (worn)
 v - a +0 cloak (worn)
 G - a +0 troll leather armour (worn)
 J - +2 swamp dragon scales
Jewellery
 b - a +6 ring of strength (right hand)
 m - a ring of magical power
 o - an amulet of the acrobat (around neck)
 y - a ring of positive energy (left hand)
 B - a ring of poison resistance
 I - a ring of protection from fire
Wands
 j - a wand of polymorph (19)
 A - a wand of digging (5)
 C - a wand of flame (46)
 K - a wand of acid (5)
Scrolls
 d - a scroll of torment {unknown}
 e - a scroll of silence {unknown}
 g - 2 scrolls of enchant armour {unknown}
 i - a scroll of teleportation
 p - 4 scrolls of fog {unknown}
 s - a scroll of holy word {unknown}
 x - 2 scrolls of immolation {unknown}
 z - 2 scrolls of enchant weapon {unknown}
 D - a scroll of magic mapping {unknown}
 E - 2 scrolls of identify
 F - 2 scrolls of blinking {unknown}
Potions
 a - 3 potions of cancellation
 c - a potion of haste {unknown}
 h - a potion of resistance {unknown}
 l - a potion of degeneration {unknown}
 q - 2 potions of mutation {unknown}
 r - a potion of curing {unknown}
 t - 3 potions of flight
 H - a potion of brilliance {unknown}
 L - a potion of lignification {unknown}


   Skills:
 - Level 6.0 Fighting
 - Level 6.0 Dodging
 - Level 1.7 Stealth
 * Level 10.1 Unarmed Combat
 - Level 6.8 Spellcasting
 + Level 6.8 Air Magic


You had 19 spell levels left.
You knew the following spells:

 Your Spells              Type           Power      Damage    Failure   Level
a - Swiftness             Air            18%        N/A       3%          3

Your spell library contained the following spells:

 Spells                   Type           Power      Damage    Failure   Level
 Shock                    Conj/Air       44%        1d5       5%          1
 Airstrike                Air            9%         N/A       12%         4
 Blink                    Tloc           6%         N/A       32%         2
 Lesser Beckoning         Tloc           3%         N/A       54%         3
 Animate Dead             Necr           1%         N/A       91%         4
 Olgreb's Toxic Radiance  Pois           3%         N/A       91%         4
 Petrify                  Tmut/Erth      3%         N/A       91%         4
 Borgnjor's Vile Clutch   Necr/Erth      1%         N/A       99%         5
 Manifold Assault         Tloc           3%         N/A       99%         5
 Metabolic Englaciation   Hex/Ice        1%         N/A       99%         5
 Death Channel            Necr           1%         N/A       100%        6
 Statue Form              Tmut/Erth      2%         N/A       100%        6
 Ozocubu's Refrigeration  Ice            1%         4d5       100%        7
 Ignition                 Fire           1%         3d3       100%        8


Dungeon Overview and Level Annotations

Branches:
Dungeon (11/15)            Temple (1/1) D:7            Lair (0/6) D:9
    Orc (0/2) D:10          Sewer (visited)

Altars:
Ashenzari
Dithmenos
Elyvilon
Fedhas
Gozag
Hepliaklqana
Kikubaaqudgha
Makhleb
Nemelex Xobeh
Okawaru
Qazlal
Ru
Sif Muna
Trog
Uskayaw
Vehumet
Wu Jian
Xom
Yredelemnul
Zin
The Shining One
Lugonu

Shops:
D:2 ?[?=   D:3 [   D:7 (

Portals:
Trove: D:10 (show abyssal rune of Zot)

Annotations:
D:10 exclusion: cyclops, Erica


Innate Abilities, Weirdness & Mutations

You are surrounded by a mild repulsion field. (EV +2)
You sometimes gain power by taking damage.
Spells you cast may paralyse nearby enemies.


Message History

HP restored.
There is an escape hatch in the ceiling here.
A mysterious force pulls you upwards. The hatch slams shut behind you.
Level annotation: exclusion: cyclops, Erica Search for what [Enter for "chei", or ? for help]? chei Can't find anything matching that.
Things that are here:
a +0 dagger; 2 poisoned darts; a +0 whip
Things that are here:
5 poisoned darts; a +0 dagger You see here a +0 spear.
Things that are here:
a +0 ring mail; a +2 spear of freezing A freezing wraith is nearby!
The cyclops barely misses you.
The cyclops throws a large rock.
The large rock misses you.
There is a stone staircase leading up here.
You climb upwards.
The gargoyle hurls a stone arrow at you.
The stone arrow misses you.
There is a stone staircase leading down here.
The gargoyle hits you with a +0 flail.
You barely miss the gargoyle. The gargoyle hits you with a +0 flail!
You hit the gargoyle but do no damage. You barely miss the gargoyle.
The gargoyle misses you.
You hit the gargoyle but do no damage.
The gargoyle hurls a stone arrow at you.
The stone arrow misses you.
You hit the gargoyle but do no damage. The gargoyle barely misses you.
You hit the gargoyle but do no damage.
The gargoyle hurls a stone arrow at you.
The stone arrow hits you!!
You focus on the pain.
You feel agile all of a sudden.
You hit the gargoyle but do no damage.
There is a stone staircase leading down here.
The gargoyle hurls a stone arrow at you.
The stone arrow hits you!
The gargoyle hurls a stone arrow at you.
The stone arrow hits you!!
You die...

.# #.# #....##...#
.# ##.##
#.#####(### .#
#.#.# #.# #.# .#
##..# #.# #.#
.#####.# #.# #.#
.....#.# #.# #.#
.###.#9###.#####.#
## #.............#
######>###.#####@#
..# #.# #.# #.#
#.####.###>#####9#
.........(.....>.#
.#################
.# ##


You could see a gargoyle.

Vanquished Creatures
  Pikel (D:4)
  4 centaur zombies
  Maggie (D:10)
  A polar bear (D:6)
  A troll (D:9)
  4 slime creatures
  A vampire (D:10)
  A wraith (D:11)
  12 yaks
  An acid dragon (D:8)
  An orc warrior (D:9)
  An ice beast (D:7)
  4 centaurs
  4 ogres
  2 phantoms
  2 kobold brigands
  2 bullfrogs (D:7)
  2 gnoll sergeants
  A scorpion (D:6)
  A wyvern skeleton (D:6)
  9 killer bees
  8 wights
  2 howler monkeys
  4 hounds
  2 jellies
  An orc priest (D:4)
  Jessica (D:3)
  4 orc wizards
  A killer bee zombie (D:7)
  8 gnolls
  6 adders
  2 river rats (Sewer)
  A shadow imp (D:6)
  An ufetubus (D:7)
  3 worms
  3 dart slugs
  21 orcs
  2 bats
  6 endoplasms
  A goblin (D:3)
  6 hobgoblins
  11 jackals
  4 quokkas
  13 ball pythons
  3 frilled lizards
  15 kobolds
  5 rats
190 creatures vanquished.

Vanquished Creatures (others)
  23 fungi (D:10)
23 creatures vanquished.

Grand Total: 213 creatures vanquished

Notes
Turn   | Place    | Note
-------+----------+-------------------------------------------
     0 | D:1      | Kniotic the Demonspawn Monk began the quest for the Orb.
     0 | D:1      | Reached XP level 1. HP: 18/18 MP: 1/1
    82 | D:1      | Reached skill level 3 in Unarmed Combat
   431 | D:1      | Gained mutation: Spells you cast may paralyse adjacent
                  | enemies. [demonic ancestry]
   431 | D:1      | Reached XP level 2. HP: 22/24 MP: 2/2
   607 | D:1      | Found a faded altar of an unknown god.
  1204 | D:2      | Found Ekhliloli's Armour Shoppe.
  1218 | D:2      | Gained mutation: You are surrounded by a mild repulsion
                  | field. (EV +2) [demonic ancestry]
  1218 | D:2      | Reached XP level 3. HP: 24/29 MP: 3/3
  1276 | D:2      | Reached skill level 4 in Unarmed Combat
  1423 | D:2      | Found Soin Uso's Magic Scroll Emporium.
  1438 | D:2      | Found Ramnyko's Magic Scroll Shop.
  1493 | D:2      | Bought a scroll of teleportation for 36 gold pieces
  1493 | D:2      | Bought a scroll of identify for 24 gold pieces
  1836 | D:2      | Found Omou's Jewellery Shoppe.
  2100 | D:3      | Found a broken altar of Ashenzari.
  2103 | D:3      | Noticed Jessica
  2113 | D:3      | Gained mutation: You sometimes gain a little power by
                  | taking damage. [demonic ancestry]
  2113 | D:3      | Reached XP level 4. HP: 32/35 MP: 4/4
  2114 | D:3      | Killed Jessica
  2154 | D:3      | Reached skill level 5 in Unarmed Combat
  2445 | D:3      | Identified the +9 chain mail "Litege" {-Tele rF+++ Will+
                  | Int+2}
  2468 | D:3      | Noticed an ogre
  2676 | D:3      | Gained mutation: Spells you cast may paralyse nearby
                  | enemies. [demonic ancestry]
  2676 | D:3      | Reached XP level 5. HP: 34/41 MP: 5/5
  2969 | D:3      | Reached skill level 6 in Unarmed Combat
  3333 | D:4      | Gained mutation: You sometimes gain power by taking damage.
                  | [demonic ancestry]
  3333 | D:4      | Reached XP level 6. HP: 45/47 MP: 6/6
  3366 | D:4      | Found a basalt altar of Yredelemnul.
  3386 | D:4      | Learned a level 3 spell: Swiftness
  3471 | D:4      | Noticed Pikel
  3510 | D:4      | Killed Pikel
  3511 | D:4      | Reached XP level 7. HP: 30/52 MP: 7/7
  3776 | D:5      | Entered Level 5 of the Dungeon
  3787 | D:5      | Found a glowing drain.
  3831 | Sewer    | Entered a sewer
  4014 | Sewer    | Reached skill level 5 in Dodging
  4528 | D:5      | Found the +4 dagger "Morg" {pain, Will+ Int+5}
  4856 | D:5      | Reached XP level 8. HP: 53/58 MP: 8/8
  4882 | D:5      | Found a shadowy altar of Dithmenos.
  5295 | D:5      | Found a hide-covered altar of Uskayaw.
  6863 | D:3      | Found Ibleniy's Antique Armour Emporium.
  7386 | D:6      | Reached skill level 1 in Spellcasting
  7527 | D:6      | Found an ornate altar of the Wu Jian Council.
  7955 | D:6      | Reached skill level 5 in Fighting
  8912 | D:7      | Noticed Prince Ribbit
  8963 | D:7      | Noticed Prince Ribbit
  8963 | D:7      | Prince Ribbit changed into Prince Ribbit the polar bear
  9007 | D:6      | Killed Prince Ribbit the polar bear
  9008 | D:6      | Reached XP level 9. HP: 42/69 MP: 14/14
  9251 | D:7      | Found Locuov's Weapon Emporium.
  9284 | D:7      | Reached skill level 5 in Spellcasting
  9339 | D:7      | Found a staircase to the Ecumenical Temple.
  9365 | Temple   | Entered the Ecumenical Temple
 10954 | D:8      | Reached skill level 7 in Unarmed Combat
 11203 | D:8      | Reached XP level 10. HP: 63/76 MP: 20/20
 11376 | D:8      | Reached skill level 5 in Air Magic
 11700 | D:7      | Reached skill level 8 in Unarmed Combat
 12412 | D:8      | Found a burning altar of Makhleb.
 12544 | D:8      | Found an ancient bone altar of Kikubaaqudgha.
 12999 | D:9      | Noticed a gargoyle
 13012 | D:9      | Noticed a two-headed ogre
 13094 | D:9      | Found a staircase to the Lair.
 13170 | D:9      | Reached skill level 9 in Unarmed Combat
 13627 | D:9      | Found a sacrificial altar of Ru.
 13671 | D:10     | Entered Level 10 of the Dungeon
 13685 | D:10     | Found an iron altar of Okawaru.
 13873 | D:10     | Noticed Maggie
 13895 | D:10     | Killed Maggie
 14048 | D:10     | Found a staircase to the Orcish Mines.
 14106 | D:10     | HP: 2/76 [freezing wraith (19)]
 14245 | D:10     | Noticed a cyclops
 14273 | D:10     | Noticed Erica
 14279 | D:10     | HP: 1/76 [cyclops/large rock (16)]
 14510 | D:10     | Reached skill level 10 in Unarmed Combat
 14746 | D:10     | Noticed a brown ugly thing
 14758 | D:10     | Found a portal to a secret trove of treasure.
 14917 | D:9      | Killed from afar by a gargoyle

Illustrated notes

Levels and vault maps discovered:
D:1:      dpeg_arrival_ternary, layout_loops_ring,
          chequers_ecumenical_altar_simple
D:2:      layout_basic, serial_shops, nicolae_shop_window_shopping,
          nicolae_shop_crystal, shop, nicolae_shop_advertising_works
          [nicolae_subvault_shop_adworks]
D:3:      layout_loops_ring, overflow_temple_1_default, serial_shops,
          shop_fountains, eino_curves_01, grunt_ministairs_2, uniq_jessica
D:4:      layout_basic, mainiacjoe_overflow_boulevard, uniq_pikel
D:5:      layout_basic, nicolae_dithmenos_the_darkroom,
          nicolae_uskayaw_dance_hall, cheibrodos_sewer_entry_bend,
          kennysheep_generic_room_10
D:6:      layout_loops_ring, mainiacjoe_overflow_24_doors
D:7:      layout_basic, minmay_temple_entry_slanted, serial_shops, shop_statue,
          minivault_23, uniq_prince_ribbit1
D:8:      layout_rooms, mainiacjoe_overflow_alcove_4, marbit_many_paths
D:9:      layout_loops_ring, mainiacjoe_overflow_alcove_2, lair_entry_dummy
D:10:     minmay_wavy_crystal, layout_loops_cross, chei_slow_surprise,
          mainiacjoe_overflow_surrounded_room, mainiacjoe_overflow_chevrons,
          orc_0_dummy, nicolae_trove_entry_isolated, uniq_maggie, uniq_erica
D:11:     layout_long_grid, uniq_urug, uniq_sonja, uniq_grum, uniq_gastronok,
          uniq_snorg
Temple:   kb_corrupted_temple

Skill      XL: |  1  2  3  4  5  6  7  8  9 10 |
---------------+-------------------------------+-----
Unarmed Combat | 3 4 5 6 7 10 | 10.1
Dodging        | 4 5 6 |  6.0
Air Magic      | 2 3 4 6 |  6.8
Fighting       | 6 |  6.0
Spellcasting   | 3 6 |  6.8
Stealth        | |  1.7

Action                   |  1- 3 |  4- 6 |  7- 9 | 10-12 || total
-------------------------+-------+-------+-------+-------++-------
Melee: Unarmed           |   116 |   138 |   562 |   364 ||  1180
       Punch             |     7 |     5 |    27 |    35 ||    74
Evoke: Wand              |       |       |     3 |       ||     3
  Use: Scroll            |       |       |     2 |     4 ||     6
       Potion            |       |       |     1 |     5 ||     6
 Stab: Sleeping          |    10 |       |       |       ||    10
       Invisible         |       |       |     3 |     5 ||     8
Armor: Robe              |     8 |       |       |       ||     8
       Ring mail         |     9 |    13 |       |       ||    22
       Chain mail        |       |    52 |   333 |    75 ||   460
       Troll leather arm |       |       |       |    30 ||    30
Dodge: Dodged            |    53 |    46 |   296 |   316 ||   711
